 Dungeon Crawl Stone Soup version 0.31-b1-17-gcfd88c8481 (webtiles) character file.

Game seed: 3415395542108464904

943 Arctor the Vexing (level 8, 0/90 HPs)
             Began as a Gnoll Hexslinger on Jan 16, 2024.
             Succumbed to a scorpion's poison
             ... on level 6 of the Dungeon.
             The game lasted 00:10:19 (7323 turns).

Arctor the Vexing (Gnoll Hexslinger)                Turns: 7323, Time: 00:10:19

Health: 0/90       AC: 24    Str: 16    XL:     8   Next: 12%
Magic:  14/14      EV:  2    Int: 11    God:
Gold:   206        SH:  0    Dex: 14    Spells: 15/15 levels left

rFire   + . .        a - +1 sling
rCold   . . .        (no shield)
rNeg    . . .        f - melded +0 leather armour
rPois   +            (helmet currently unavailable)
rElec   .            (cloak currently unavailable)
rCorr   .            n - melded +0 pair of gloves
SInv    .            (boots currently unavailable)
Will    .....        g - amulet of the acrobat
Stlth   ++           q - ring of flight
HPRegen 0.35/turn    r - ring of protection from fire
MPRegen 0.14/turn

%: acrobat
@: lethally poisoned (0 -> -1), tree-form, acrobatic
A: stationary, stasis, torment immunity, boosted hp, (fangs 1), strong nose,
distributed training, (horns 1), strong 2
a: no special abilities


You were on level 6 of the Dungeon.
You were a tree.
You visited 1 branch of the dungeon, and saw 6 of its levels.

You collected 206 gold pieces.

Inventory:

Hand Weapons
 a - a +1 sling (weapon)
Armour
 e - a +0 plate armour
 f - a +0 leather armour (melded)
 n - a +0 pair of gloves (melded)
 s - a +0 helmet
Jewellery
 g - an amulet of the acrobat (around neck)
 q - a ring of flight (left branch)
 r - a ring of protection from fire (right branch)
Talismans
 i - a talisman of death
Wands
 p - a wand of flame (19)
Scrolls
 b - 2 scrolls of poison
 c - 5 scrolls of identify
 j - a scroll of vulnerability
 k - a scroll of fog
 l - 2 scrolls of blinking
 o - a scroll of noise
 u - a scroll of torment {unknown}
Potions
 d - a potion of cancellation
 h - 3 potions of enlightenment
 m - a potion of mutation


   Skills:
 + Level 4.1 Fighting
 + Level 3.1 Short Blades
 + Level 3.1 Long Blades
 + Level 3.1 Axes
 + Level 3.1 Maces & Flails
 + Level 3.1 Polearms
 + Level 3.1 Staves
 + Level 5.6 Ranged Weapons
 + Level 3.1 Throwing
 + Level 3.1 Armour
 + Level 5.6 Dodging
 + Level 3.1 Stealth
 + Level 3.1 Shields
 + Level 3.1 Unarmed Combat
 + Level 4.2 Spellcasting
 + Level 2.5 Conjurations
 + Level 6.0 Hexes
 + Level 2.5 Summonings
 + Level 2.5 Necromancy
 + Level 2.5 Translocations
 + Level 3.3 Fire Magic
 + Level 2.5 Ice Magic
 + Level 2.5 Air Magic
 + Level 2.5 Earth Magic
 + Level 2.5 Alchemy
 + Level 3.4 Invocations
 + Level 3.1 Evocations
 + Level 2.8 Shapeshifting


You had 15 spell levels left.
You didn't know any spells.
Your spell library contained the following spells:

 Spells                   Type           Power      Damage    Failure   Level
 Jinxbite                 Hex            30%        N/A       3%          2
 Sigil of Binding         Hex            15%        N/A       6%          3
 Apportation              Tloc           14%        N/A       9%          1
 Necrotise                Necr           28%        1d5       9%          1
 Sting                    Conj/Alch      28%        1d4       9%          1
 Summon Small Mammal      Summ           28%        N/A       9%          1
 Inner Flame              Hex/Fire       12%        N/A       10%         3
 Dazzling Flash           Conj/Hex       22%        N/A       12%         3
 Cause Fear               Hex            7%         N/A       19%         4
 Volatile Blastmotes      Fire/Tloc      16%        2d11      21%         3
 Dimensional Bullseye     Hex/Tloc       5%         N/A       36%         4
 Starburst                Conj/Fire      4%         6d3       100%        6
 Maxwell's Capacitive Co  Air            3%         ∞         100%        8


Dungeon Overview and Level Annotations

Branches:
Dungeon (6/15)             Temple (0/1) D:5

Altars:
Kikubaaqudgha
Okawaru
Sif Muna
Trog

Shops:
D:1 =   D:3 (


Innate Abilities, Weirdness & Mutations

You are a tree.
Your roots penetrate the ground, keeping you stationary.
You cannot be teleported.
You are immune to unholy pain and torment.
Your maximum health is greatly increased.
Your equipment is partially melded.
((You have very sharp teeth.))
Your uncanny sense of smell can sniff out nearby items.
Your experience applies equally to all skills.
((You have a pair of small horns on your head.))
Your muscles are very strong. (Str +8, Int/Dex -2)


Message History

The scorpion stings you but does no damage.
The scorpion closely misses you.
You bump into the rock wall.
You feel sick.
The scorpion stings you but does no damage.
You're too confused to move!
You feel sick. The scorpion stings you.
* * * LOW HITPOINT WARNING * * *
The scorpion closely misses you.
You bump into the rock wall.
You feel sick. The scorpion stings you.
* * * LOW HITPOINT WARNING * * *
You are more poisoned.
The scorpion poisons you!
You bump into the rock wall.
You feel less invigorated.
You feel less confused.
You feel sick. The scorpion misses you.
You shoot a sling bullet.
The sling bullet closely misses the scorpion.
You feel sick. The scorpion closely misses you. The scorpion barely misses you.
You shoot a sling bullet.
The sling bullet barely misses the scorpion.
You feel sick. The scorpion stings you.
* * * LOW HITPOINT WARNING * * *
You shoot a sling bullet.
The sling bullet hits the scorpion but does no damage.
The scorpion is almost dead.
* * * LOW HITPOINT WARNING * * *
You feel sick.
The scorpion stings you but does no damage.
You shoot a sling bullet. The sling bullet hits the scorpion.
You kill the scorpion!
* * * LOW HITPOINT WARNING * * *
You feel sick.
It was a potion of lignification.
You turn into a tree.
Your +0 pair of gloves melds into your body.
Your +0 leather armour melds into your body.
Your roots penetrate the ground.
* * * LOW HITPOINT WARNING * * *
You feel sick.
* * * LOW HITPOINT WARNING * * *
You feel sick.
You die...

.....#.###.#
#.# .###.#.#
#.# #.# ##
#.#.# #.#####.#
.#
#.#.###.#.....#
.#
#)#.........#.#
.#
#.#####.#######
.###.#
#.......#
.#...#
#######.#
.#.### #♣# .#.#
#†# ...# #.#
.#.# #.# .###
#.# .# #.#
.#### #.# .....
#.# #####


There were no monsters in sight!

Vanquished Creatures
  A black bear (D:5)
  2 ogres
  A bullfrog (D:6)
  2 scorpions (D:6)
  2 jellies
  2 hounds
  A gnoll bouda (D:4)
  An iguana (D:5)
  An orc wizard (D:6)
  10 adders
  11 gnolls
  A white imp (D:6)
  3 dart slugs
  5 orcs
  7 bats
  2 endoplasms
  6 giant cockroaches
  8 goblins
  7 hobgoblins
  4 jackals
  4 quokkas
  13 ball pythons
  5 frilled lizards
  7 kobolds
  9 rats
115 creatures vanquished.

Vanquished Creatures (others)
  A human (D:4)
1 creature vanquished.

Grand Total: 116 creatures vanquished

Notes
Turn   | Place    | Note
-------+----------+-------------------------------------------
     0 | D:1      | Arctor the Gnoll Hexslinger began the quest for the Orb.
     0 | D:1      | Reached XP level 1. HP: 17/17 MP: 4/4
   112 | D:1      | Reached XP level 2. HP: 23/23 MP: 5/5
   231 | D:1      | Found Eshea's Jewellery Shoppe.
   629 | D:2      | Reached XP level 3. HP: 28/28 MP: 7/7
   777 | D:2      | Reached skill level 1 in Invocations
   809 | D:2      | Reached skill level 1 in Short Blades
   809 | D:2      | Reached skill level 1 in Long Blades
   809 | D:2      | Reached skill level 1 in Axes
   809 | D:2      | Reached skill level 1 in Maces & Flails
   809 | D:2      | Reached skill level 1 in Polearms
   809 | D:2      | Reached skill level 1 in Staves
   809 | D:2      | Reached skill level 1 in Throwing
   809 | D:2      | Reached skill level 1 in Armour
   809 | D:2      | Reached skill level 1 in Stealth
   809 | D:2      | Reached skill level 1 in Shields
   809 | D:2      | Reached skill level 1 in Unarmed Combat
   809 | D:2      | Reached skill level 1 in Evocations
  1384 | D:3      | Reached skill level 1 in Shapeshifting
  1384 | D:3      | Reached XP level 4. HP: 22/34 MP: 8/8
  1671 | D:3      | Found Jetenug's Antique Weapon Emporium.
  1683 | D:3      | Reached skill level 1 in Conjurations
  1683 | D:3      | Reached skill level 1 in Summonings
  1683 | D:3      | Reached skill level 1 in Necromancy
  1683 | D:3      | Reached skill level 1 in Translocations
  1683 | D:3      | Reached skill level 1 in Ice Magic
  1683 | D:3      | Reached skill level 1 in Air Magic
  1683 | D:3      | Reached skill level 1 in Earth Magic
  1683 | D:3      | Reached skill level 1 in Alchemy
  1988 | D:3      | Reached XP level 5. HP: 40/40 MP: 9/9
  2525 | D:5      | Entered Level 5 of the Dungeon
  2667 | D:5      | Noticed an ogre
  2701 | D:3      | Gained mutation: You have a pair of small horns on your
                  | head. [potion of mutation]
  2701 | D:3      | Gained mutation: Your muscles are strong. (Str +4, Int/Dex
                  | -1) [potion of mutation]
  2701 | D:3      | Gained mutation: Your muscles are very strong. (Str +8,
                  | Int/Dex -2) [potion of mutation]
  3219 | D:4      | Found an ancient bone altar of Kikubaaqudgha.
  3220 | D:4      | Noticed a human
  3222 | D:4      | Killed a human
  3225 | D:4      | Reached XP level 6. HP: 47/47 MP: 11/11
  3371 | D:5      | Noticed an ice beast
  3513 | D:4      | Reached skill level 5 in Ranged Weapons
  3513 | D:4      | Reached skill level 5 in Dodging
  4591 | D:5      | HP: 2/47 [gnoll/+0 halberd[a gnoll bouda] (4)]
  5175 | D:5      | Noticed a black bear
  5235 | D:6      | Reached XP level 7. HP: 7/52 MP: 12/12
  5240 | D:6      | HP: 2/52 [poisoned by a scorpion]
  5586 | D:5      | Found a staircase to the Ecumenical Temple.
  5977 | D:5      | Found an iron altar of Okawaru.
  6282 | D:5      | Found a shimmering blue altar of Sif Muna.
  6486 | D:6      | Reached skill level 6 in Hexes
  6620 | D:6      | Reached XP level 8. HP: 34/60 MP: 14/14
  6924 | D:6      | Found a bloodstained altar of Trog.
  7318 | D:6      | HP: 2/60 [scorpion (6)]
  7323 | D:6      | Succumbed to a scorpion's poison

Illustrated notes

Levels and vault maps discovered:
D:1:      minmay_arrival_four_houses, layout_loops_ring, serial_shops,
          nicolae_shop_waterfront
D:2:      minmay_angry_zag, layout_basic, kennysheep_generic_room_11
D:3:      layout_loops_ring, serial_shops, shop
D:4:      layout_basic, tgw_kikubaaqudgha
D:5:      layout_loops_ring, mainiacjoe_overflow_swirl,
          minmay_temple_entry_grid, item_on_display_a
D:6:      layout_basic, mainiacjoe_overflow_brackets, gup_sewer_entry_glass

Skill      XL: |  1  2  3  4  5  6  7 |
---------------+----------------------+-----
Fire Magic     | 2 3 |  3.3
Invocations    | 1 2 3 |  3.4
Short Blades   | 1 2 3 |  3.1
Long Blades    | 1 2 3 |  3.1
Axes           | 1 2 3 |  3.1
Maces & Flails | 1 2 3 |  3.1
Polearms       | 1 2 3 |  3.1
Staves         | 1 2 3 |  3.1
Throwing       | 1 2 3 |  3.1
Armour         | 1 2 3 |  3.1
Stealth        | 1 2 3 |  3.1
Shields        | 1 2 3 |  3.1
Unarmed Combat | 1 2 3 |  3.1
Evocations     | 1 2 3 |  3.1
Spellcasting   | 3 4 |  4.2
Shapeshifting  | 1 2 |  2.8
Conjurations   | 1 2 |  2.5
Summonings     | 1 2 |  2.5
Necromancy     | 1 2 |  2.5
Translocations | 1 2 |  2.5
Ice Magic      | 1 2 |  2.5
Air Magic      | 1 2 |  2.5
Earth Magic    | 1 2 |  2.5
Alchemy        | 1 2 |  2.5
Fighting       | 3 4 |  4.1
Ranged Weapons | 5 |  5.6
Dodging        | 5 |  5.6
Hexes          | 6 |  6.0

Action                     |  1- 3 |  4- 6 |  7- 9 || total
---------------------------+-------+-------+-------++-------
  Melee: Sling             |       |     3 |     6 ||     9
         Headbutt          |       |       |     1 ||     1
   Fire: Sling             |   104 |   249 |   181 ||   534
    Use: Scroll            |       |     8 |     1 ||     9
         Potion            |       |    10 |     2 ||    12
 Armour: Robe              |     1 |       |       ||     1
         Plate armour      |   115 |   465 |    31 ||   611
         Leather armour    |       |       |    83 ||    83
  Dodge: Dodged            |     7 |    56 |   104 ||   167
